 Dungeon Crawl Stone Soup version 0.31-a0-836-g3ceb0a68c4 (webtiles) character file.

Game seed: 660475172748678116

2338 PimpSugar the Ducker (level 9, -5/90 HPs)
             Began as a Djinni Hedge Wizard on Sept 26, 2023.
             Was a Believer of Ashenzari.
             Slain by a wight
             ... wielding a +0 halberd
              (10 damage)
             ... on level 7 of the Dungeon.
             The game lasted 00:30:31 (5898 turns).

PimpSugar the Ducker (Djinni Hedge Wizard)          Turns: 5898, Time: 00:30:31

Health: -5/90      AC: 24    Str:  4    XL:     9   Next: 70%
Gold:   244        EV:  2    Int: 32    God:    Ashenzari [**....] SH:  5 Dex: 12

rFire   . . .        w - +5 quarterstaff (chaos)
rCold   + . .        (shield currently unavailable)
rNeg    . . .        t - melded +3 leather armour "Biunno" {Regen+}
rPois   ∞            d - melded +1 helmet
rElec   .            x - melded +0 cloak "Chained Scepticism" {Comp, Elem} (curse)
rCorr   .            v - melded +0 pair of gloves "Loss of the Astral Seer" {Melee, Range} (curse)
SInv    +            (boots unavailable)
Will    .....        o - amulet of reflection
Stlth   +++          f - +6 ring of intelligence
HPRegen 0.35/turn    C - ring "Esoteric Ennui" {rC+ Str-5 Int+5, Fort, Elem} (curse)
MPRegen 0.00/turn

%: reflection, infuse magic (-6 HP)
@: tree-form (expiring)
A: stationary, stasis, torment immunity, boosted hp, sickness immunity, (fire
resistance 2), (cold vulnerability 1), float, innate caster, HP casting, extra
vitality 1
a: Renounce Religion, Shatter the Chains


You were on level 7 of the Dungeon.
You worshipped Ashenzari.
Ashenzari was pleased with you.
You were a tree.
You visited 2 branches of the dungeon, and saw 8 of its levels.

You collected 348 gold pieces.
You spent 104 gold pieces at shops.

Inventory:

Hand Weapons
 a - a +0 dagger
 g - a +0 flail of protection
 h - a +1 short sword of venom
 s - a +0 arbalest
 w - a +5 quarterstaff of chaos (weapon)
Missiles
 e - 13 javelins
 i - 51 stones
 q - 14 poisoned darts
Armour
 d - a +1 helmet (melded)
 t - the +3 leather armour "Biunno" (melded) {Regen+}
   (You found it on level 4 of the Dungeon)

   Regen+:    It increases your rate of health regeneration.
 v - the cursed +0 pair of gloves "Loss of the Astral Seer" (melded) {Melee, Range}
   (You found it on level 4 of the Dungeon)

   It has a curse which improves the following skills: Melee Combat: Short
   Blades, Long Blades, Axes, Maces & Flails, Polearms, Staves and Unarmed
   Combat.
   Ranged Combat: Ranged Weapons and Throwing.
 x - the cursed +0 cloak "Chained Scepticism" (melded) {Comp, Elem}
   (You took it off Crazy Yiuf on level 4 of the Dungeon)

   It has a curse which improves the following skills: Companions: Summonings
   and Necromancy.
   Elements:  Fire Magic, Ice Magic, Air Magic and Earth Magic.
Jewellery
 f - a +6 ring of intelligence (left branch)
 o - an amulet of reflection (around neck)
 u - an amulet of magic regeneration
 C - the cursed ring "Esoteric Ennui" (right branch) {rC+ Str-5 Int+5, Fort, Elem}
   (You found it on level 6 of the Dungeon)

   [ring of protection from cold]

   Str-5:     It affects your strength (-5).
   Int+5:     It affects your intelligence (+5).
   rC+:       It protects you from cold.
   It has a curse which improves the following skills: Fortitude: Armour and
   Shields.
   Elements:  Fire Magic, Ice Magic, Air Magic and Earth Magic.
Wands
 B - a wand of mindburst (2)
Scrolls
 l - a scroll of fear
 n - 3 scrolls of teleportation
 p - a scroll of amnesia
 y - 3 scrolls of identify
 z - 2 scrolls of fog
 D - a scroll of blinking
Potions
 j - 2 potions of mutation
 A - a potion of cancellation


   Skills:
 + Level 3.0 Fighting
 + Level 2.7 Staves
 * Level 7.9 Dodging
 + Level 4.6 Stealth
 * Level 5.3 Spellcasting
 * Level 5.3 Conjurations
 * Level 5.3 Hexes
   Level 0.0 Charms
 * Level 5.3 Summonings
 * Level 5.3 Necromancy
 * Level 5.3 Translocations
 * Level 5.3 Transmutations
 * Level 5.3(6.5) Fire Magic
 * Level 5.3(6.5) Ice Magic
 * Level 5.3(6.5) Air Magic
 * Level 5.3(6.5) Earth Magic
 * Level 5.3 Poison Magic
 * Level 4.2 Evocations


You knew the following spells:

 Your Spells              Type           Power      Damage    Failure   Level
a - Magic Dart            Conj           100%       1d8       1%          1
b - Call Imp              Summ           84%        N/A       1%          2
c - Vhi's Electric Charg  Tloc/Air       92%        N/A       4%          4
d - Slow                  Hex            100%       N/A       1%          1
e - Blink                 Tloc           84%        N/A       1%          2
f - Kiss of Death         Conj/Necr      100%       2d13      1%          1
g - Mephitic Cloud        Conj/Pois/Air  45%        N/A       1%          3
s - Scorch                Fire           100%       2d9       1%          2
v - Vampiric Draining     Necr           42%        2d9       1%          3
Your spell library was empty.

Dungeon Overview and Level Annotations

Branches:
Dungeon (7/15)             Temple (1/1) D:4

Altars:
Ashenzari
Cheibriados
Dithmenos
Elyvilon
Fedhas
Hepliaklqana
Nemelex Xobeh
Okawaru
Qazlal
Ru
Trog
Uskayaw
Wu Jian
Xom
Yredelemnul
Zin
The Shining One

Shops:
D:2 ?


Innate Abilities, Weirdness & Mutations

You are a tree.
Your roots penetrate the ground, keeping you stationary.
You cannot be teleported.
You are immune to unholy pain and torment.
Your maximum health is greatly increased.
Your equipment is partially melded.
You are immune to sickness and miasma.
You are immune to poison.
((Your flesh is very heat resistant. (rF++)))
((You are vulnerable to cold. (rC-)))
You float through the air rather than walking.
You learn spells naturally, not from books.
Your magical power is your life essence.
You have superior vitality. (+4 MHP)


Message History

Your cerulean imp disappears in a puff of smoke!
You barely miss the wight.
The wight is severely damaged.
The wight is no longer moving quickly.
You block the wight's attack. The wight hits you but does no damage.
You block the wight's attack.
The wight hits you from afar with a +0 halberd.
* * * LOW HITPOINT WARNING * * *
You barely miss the wight.
The wight is severely damaged.
The wight hits you but does no damage. x2
You hit the wight.
You destroy the wight!
The wight barely misses you.
You cannot move.
You block the wight's attack. The wight hits you but does no damage.
The wight hits you from afar with a +0 halberd!
* * * LOW HITPOINT WARNING * * *
You are confused.
You feel invigorated.
The wight hits you from afar with a +0 halberd!
* * * LOW HITPOINT WARNING * * *
You are too confused!
You feel better.
Your transformation is almost over.
You feel less invigorated.
The wight hits you from afar with a +0 halberd.
* * * LOW HITPOINT WARNING * * *
Casting: Call Imp (safe; 1% risk of failure)
Confirm with . or Enter, or press ? or * to list all spells.
Aiming: Magic Dart (safe; 1% risk of failure)
Press: ? - help, Shift-Dir - straight line, f - wight
Aim: a wight, wielding a +0 halberd and wearing a +0 robe (100% to hit)
Okay, then.
Casting: Magic Dart (safe; 1% risk of failure)
Confirm with . or Enter, or press ? or * to list all spells.
A tiny devil pulls itself out of the air.
* * * LOW HITPOINT WARNING * * *
The wight hits you from afar with a +0 halberd!
You die...

.....#.....### ....
o....#.....#####..#.....
.....#..z.....#.........
.#...>..................
s##.##.........# .......
..#.#..........# .......
)..............# .....#
.))........#..###:....#
##).......##..z)♣.....#
##........##.##5#.....#
#..##......#.####....##
...##......#.# ..)..#
.............. .#...#
..#....##..#.# .#.....
..#..#.....## ## ##..
.....# #.[..# ..
#....###....# #


You could see a wight (ally target) and a friendly cerulean imp (summoned).

Vanquished Creatures
  Grinder (D:4)
  A hornet (D:7)
  A wyvern (D:7)
  A steam dragon (D:7)
  Edmund (D:6)
  A water moccasin (D:6)
  2 ice beasts (D:5)
  A sky beast (D:6)
  An ogre (D:7)
  A phantom (D:7)
  A scorpion (D:6)
  4 wights
  A howler monkey (D:6)
  2 hounds
  Crazy Yiuf (D:4)
  An orc priest (D:5)
  3 iguanas
  3 orc wizards
  Natasha (thrice) (D:4)
  A gnoll (D:6)
  4 adders
  A shadow imp (D:7)
  2 ufetubi
  A worm (D:5)
  A dart slug (D:4)
  16 orcs
  8 ball pythons
  5 bats
  4 endoplasms
  3 giant cockroaches
  3 goblins
  7 hobgoblins
  7 jackals (D:1)
  10 kobolds
  A quokka (D:3)
  2 frilled lizards (D:2)
  7 rats
113 creatures vanquished.

Vanquished Creatures (collateral kills)
  An ogre (D:6)
  A wight (D:7)
  A jelly (D:7)
  A shadow imp (D:6)
  A ball python (D:1)
  2 bats (D:1)
  2 endoplasms (D:1)
  A goblin (D:2)
  3 hobgoblins (D:1)
  2 kobolds
  A rat (D:1)
16 creatures vanquished.

Vanquished Creatures (others)
  A howler monkey zombie (D:6)
  A worm (D:5)
2 creatures vanquished.

Grand Total: 131 creatures vanquished

Notes
Turn   | Place    | Note
-------+----------+-------------------------------------------
     0 | D:1      | PimpSugar the Djinni Hedge Wizard began the quest for the
                  | Orb.
     0 | D:1      | PimpSugar set off with the following spells memorised:
                  | Magic Dart, Slow, Blink, Call Imp, Mephitic Cloud.
     0 | D:1      | Reached XP level 1. HP: 15/15 MP: 0/0
    92 | D:1      | Reached XP level 2. HP: 4/21 MP: 0/0
   376 | D:1      | Reached XP level 3. HP: 11/25 MP: 0/0
   376 | D:1      | Learned a level 1 spell: Kiss of Death
   559 | D:1      | Reached skill level 3 in Dodging
  1079 | D:2      | Found Azoxul's Magic Scroll Shop.
  1086 | D:2      | Bought a scroll of identify for 26 gold pieces
  1123 | D:2      | Reached XP level 4. HP: 26/31 MP: 0/0
  1778 | D:2      | Bought 3 scrolls of identify for 78 gold pieces
  2341 | D:3      | Reached XP level 5. HP: 32/35 MP: 0/0
  2341 | D:3      | Learned a level 2 spell: Scorch
  2723 | D:4      | Noticed Grinder
  2740 | D:4      | Paralysed by Grinder for 3 turns
  2766 | D:4      | Paralysed by Grinder for 3 turns
  2784 | D:4      | Killed Grinder
  2785 | D:4      | Reached skill level 4 in Dodging
  2785 | D:4      | Reached XP level 6. HP: 11/40 MP: 0/0
  3033 | D:4      | Found a staircase to the Ecumenical Temple.
  3051 | Temple   | Entered the Ecumenical Temple
  3204 | Temple   | Became a worshipper of Ashenzari the Shackled
  3257 | D:4      | Identified the +3 leather armour "Biunno" {Regen+}
  3361 | D:4      | Noticed Natasha
  3368 | D:4      | Killed Natasha
  3369 | D:4      | Reached skill level 5 in Dodging
  3450 | D:4      | Noticed Natasha
  3454 | D:4      | Killed Natasha
  3455 | D:4      | Reached XP level 7. HP: 43/45 MP: 0/0
  3455 | D:4      | Learned a level 3 spell: Vampiric Draining
  3544 | D:4      | Noticed Natasha
  3552 | D:4      | Killed Natasha
  3976 | D:4      | Found a runed translucent door.
  3977 | D:4      | Noticed Crazy Yiuf
  3997 | D:4      | Killed Crazy Yiuf
  4112 | D:5      | Entered Level 5 of the Dungeon
  4224 | D:5      | Reached skill level 6 in Dodging
  4244 | D:5      | Reached XP level 8. HP: 44/51 MP: 0/0
  4688 | D:6      | Noticed Edmund
  4697 | D:6      | Reached skill level 1 in Fighting
  4709 | D:6      | Killed Edmund
  4710 | D:6      | Reached skill level 1 in Staves
  4710 | D:6      | Reached skill level 1 in Evocations
  4715 | D:6      | Reached * piety under Ashenzari
  4729 | D:6      | Found an iron altar of Okawaru.
  4920 | D:6      | Reached skill level 5 in Spellcasting
  4920 | D:6      | Reached skill level 5 in Conjurations
  4920 | D:6      | Reached skill level 5 in Hexes
  4920 | D:6      | Reached skill level 5 in Summonings
  4920 | D:6      | Reached skill level 5 in Necromancy
  4920 | D:6      | Reached skill level 5 in Translocations
  4920 | D:6      | Reached skill level 5 in Transmutations
  4920 | D:6      | Reached skill level 5 in Fire Magic
  4920 | D:6      | Reached skill level 5 in Ice Magic
  4920 | D:6      | Reached skill level 5 in Air Magic
  4920 | D:6      | Reached skill level 5 in Earth Magic
  4920 | D:6      | Reached skill level 5 in Poison Magic
  4944 | D:6      | Found a hide-covered altar of Uskayaw.
  5026 | D:6      | Identified the ring "Potir" {rC+ Str-5 Int+5}
  5131 | D:6      | Reached skill level 7 in Dodging
  5131 | D:6      | Reached XP level 9. HP: 54/58 MP: 0/0
  5131 | D:6      | Learned a level 4 spell: Vhi's Electric Charge
  5205 | D:6      | Found a shadowy altar of Dithmenos.
  5466 | D:6      | Reached ** piety under Ashenzari
  5473 | D:6      | Found a shimmering altar of Xom.
  5568 | D:6      | Found an ornate altar of the Wu Jian Council.
  5744 | D:7      | Noticed a hornet
  5791 | D:7      | Killed a hornet
  5896 | D:7      | HP: 1/90 [wight/+0 halberd (12)]
  5898 | D:7      | Slain by a wight

Illustrated notes

Levels and vault maps discovered:
D:1:      minmay_arrival_diagonal_passages, layout_basic, serial_park_tiny_2
D:2:      layout_basic, serial_shops, nicolae_shop_statue_plus,
          serial_park_tiny_2, kennysheep_generic_room_6
D:3:      wad_river_or_something, layout_basic, kennysheep_generic_room_8
D:4:      nicolae_cairo_tiling_very_big, layout_basic, vehumet_crystals,
          minmay_temple_entry_offerings, minmay_misc_feat_x,
          hangedman_decor_diamond_cutter, uniq_natasha, uniq_grinder,
          uniq_crazy_yiuf_cottage
D:5:      layout_cave_pools, serial_park_tiny_1, dreamdust_mushroom_princess
D:6:      layout_basic, nicolae_overflow_hidden_temple,
          mainiacjoe_overflow_surrounded_room, okawaru_metal_pillars_3,
          mainiacjoe_overflow_big_doors, uniq_edmund
D:7:      layout_cave_pools, minmay_holes
Temple:   nicolae_temple_superstar

Skill      XL: |  1  2  3  4  5  6  7  8  9 |
---------------+----------------------------+-----
Spellcasting   | 3 4 5 |  5.3
Conjurations   | 3 4 5 |  5.3
Hexes          | 3 4 5 |  5.3
Summonings     | 3 4 5 |  5.3
Necromancy     | 3 4 5 |  5.3
Translocations | 3 4 5 |  5.3
Transmutations | 3 4 5 |  5.3
Fire Magic     | 3 4 5 |  5.3
Ice Magic      | 3 4 5 |  5.3
Air Magic      | 3 4 5 |  5.3
Earth Magic    | 3 4 5 |  5.3
Poison Magic   | 3 4 5 |  5.3
Dodging        | 3 4 5 6 7 |  7.9
Stealth        | 2 3 4 |  4.6
Fighting       | 2 3 |  3.0
Staves         | 1 2 |  2.7
Evocations     | 2 4 |  4.2

Action                     |  1- 3 |  4- 6 |  7- 9 || total
---------------------------+-------+-------+-------++-------
  Melee: Dagger            |    64 |       |       ||    64
         Short sword       |    20 |    83 |    23 ||   126
         Punch             |       |     1 |     1 ||     2
         Quarterstaff      |       |       |   132 ||   132
   Cast: Magic Dart        |    12 |     9 |    14 ||    35
         Call Imp          |     6 |     3 |    14 ||    23
         Kiss of Death     |     1 |       |       ||     1
         Scorch            |       |    12 |    15 ||    27
         Slow              |       |     5 |     3 ||     8
         Vampiric Draining |       |       |     5 ||     5
         Blink             |       |       |     8 ||     8
         Vhi's Electric Ch |       |       |     3 ||     3
         Mephitic Cloud    |       |       |     2 ||     2
 Invoke: Curse Item        |       |       |     3 ||     3
  Evoke: Wand              |       |       |    18 ||    18
    Use: Potion            |     1 |       |     9 ||    10
         Scroll            |     3 |     3 |     6 ||    12
   Stab: Sleeping          |     2 |     3 |     1 ||     6
 Armour: Robe              |    66 |    31 |       ||    97
         Leather armour    |       |       |   128 ||   128
         Skin              |       |       |    29 ||    29
  Dodge: Dodged            |    79 |    45 |   107 ||   231
  Block: Other             |       |     7 |    50 ||    57

Table legend: (Time is in decaauts)
 A = Elapsed time spent in this place.
 B = Non-inter-level travel time spent in this place.
 C = Inter-level travel time spent in this place.
 D = Time resting spent in this place.
 E = Time spent auto-exploring this place.
 F = Levels seen in this place.
 G = Mean time per level.
                   A        B        C        D        E       F      G
               +--------+--------+--------+--------+--------+-----+--------+
         Total |   5905 |   5451 |    454 |    332 |   3366 |   8 |  738.1 |
       Dungeon |   5730 |   5435 |    295 |    332 |   3366 |   7 |  818.6 |
        Temple |    174 |     15 |    159 |      0 |      0 |   1 |  174.0 |
               +--------+--------+--------+--------+--------+-----+--------+

Top non-repeatable levels by time:
     D:4: 1215 daAuts
     D:6: 1054 daAuts
     D:1: 1016 daAuts
     D:3: 927 daAuts
     D:2: 775 daAuts
     D:5: 569 daAuts
  Temple: 174 daAuts
     D:7: 171 daAuts
